 Dungeon Crawl Stone Soup version 0.18.1-1-g2f07953 (webtiles) character file.

187 Peloso the Shield-Bearer (level 5, -5/47 HPs)
             Began as a Minotaur Fighter on May 7, 2016.
             Was an Initiate of Okawaru.
             Slain by Natasha (6 damage)
             ... on level 3 of the Dungeon.
             The game lasted 00:07:35 (1784 turns).

Peloso the Shield-Bearer (Minotaur Fighter)         Turns: 1784, Time: 00:07:35

Health: -5/47      AC: 14    Str: 25    XL:     5   Next: 39%
Magic:  4/4        EV:  5    Int:  5    God:    Okawaru [......]
Gold:   228        SH: 10    Dex: 11    Spells: 0 memorised, 4 levels left

rFire  . . .     SeeInvis .     B - +1 long sword (freeze)
rCold  . . .     Gourm    +     u - +0 plate armour
rNeg   . . .     Faith    .     c - +0 shield
rPois  .         Spirit   .     (helmet restricted)
rElec  .         Dismiss  .     z - +1 cloak
rCorr  .         Reflect  .     (no gloves)
SustAt .         Harm     .     (no boots)
MR     .....                    s - amulet of the gourmand
Stlth  ..........               (no ring)
                                (no ring)

@: mighty, slowed, very slow, not resistant to hostile enchantments, extremely
unstealthy
A: retaliatory headbutt, horns 2
a: Renounce Religion


You were on level 3 of the Dungeon.
You worshipped Okawaru.
Okawaru was noncommittal.
You were completely stuffed.

You visited 1 branch of the dungeon, and saw 3 of its levels.

You collected 228 gold pieces.

Inventory:

Hand Weapons
 a - a +0 long sword
 B - a +1 long sword of freezing (weapon)
Armour
 b - a +0 scale mail
 c - a +0 shield (worn)
 u - a +0 plate armour (worn)
 z - a +1 cloak (worn)
Jewellery
 s - an amulet of the gourmand (around neck)
Scrolls
 o - a scroll of enchant weapon {unknown}
 p - 4 scrolls of identify {unknown}
 q - a scroll of teleportation {unknown}
 t - a scroll of fog {unknown}
 x - 2 scrolls of magic mapping {unknown}
 y - 2 scrolls of recharging {unknown}
 A - a scroll of remove curse {unknown}
Potions
 e - 2 potions of resistance {unknown}
 g - 2 potions of curing {unknown}
 k - a potion of haste {unknown}
 l - a potion of brilliance {unknown}
 n - a potion of magic {unknown}
 r - a potion of heal wounds {unknown}
 v - a potion of cancellation {unknown}
 w - a potion of lignification {unknown}
Comestibles
 f - 3 bread rations
 h - 2 meat rations
 i - a royal jelly
 j - 3 fruits
 m - 2 slices of pizza


   Skills:
 + Level 4.5 Fighting
 + Level 3.4 Long Blades
 + Level 4.6 Armour
 + Level 2.1 Dodging
 + Level 0.1 Stealth
 + Level 5.0 Shields


You had 4 spell levels left.
You didn't know any spells.

Dungeon Overview and Level Annotations

Branches:
Dungeon (3/15)

Altars:
Ashenzari
Okawaru
Ru

Annotations:
D:3 Grinder, Natasha


Innate Abilities, Weirdness & Mutations

You reflexively headbutt those who attack you in melee.
You have a pair of horns on your head.


Message History

Natasha claws you but does no damage. Grinder gestures at you.
Pain shoots through your body! Natasha claws you but does no damage.
You can move again.
Your shield and plate armour prevent you from hitting Natasha.
You headbutt Natasha.
Natasha is heavily wounded.
Natasha claws you!
* * * LOW HITPOINT WARNING * * *
Natasha claws you.
* * * LOW HITPOINT WARNING * * *
Drink which item? (? for menu, Esc to quit)
You feel very mighty all of a sudden.
Natasha zaps a wand.
The puff of flame hits you!
* * * LOW HITPOINT WARNING * * *
You hit Grinder.
Grinder is lightly wounded.
Natasha claws you.
You die...

#...#>........(..................
#.....######.####################
#.............. ....
#.....########### ####
#...............########
##....#########......... #....#
#........)
#..[.#########.†h......
#...........##.@5......
#...........##.........
#...........##......... #
#......(....##......... .
###.........###........ .
#.........# #........ .
#.........# #.......? .
#.........# #........ .
########### #


You could see Grinder and Natasha.

Vanquished Creatures
  Ijyb (D:2)
  Natasha (D:3)
  Terence (D:3)
  Robin (D:3)
  4 adders
  An ooze (D:1)
  2 worms
  A giant cockroach (D:1)
  6 hobgoblins
  4 jackals (D:2)
  6 bats
  4 giant newts
  13 goblins
  7 kobolds
  9 rats
61 creatures vanquished.

Notes
Turn   | Place    | Note
--------------------------------------------------------------
     0 | D:1      | Peloso the Minotaur Fighter began the quest for the Orb.
     0 | D:1      | Reached XP level 1. HP: 19/19 MP: 0/0
   120 | D:1      | Found a shattered altar of Ashenzari.
   154 | D:1      | Reached XP level 2. HP: 23/27 MP: 1/1
   342 | D:1      | Reached skill level 4 in Shields
   614 | D:2      | Reached XP level 3. HP: 26/33 MP: 2/2
   640 | D:2      | Found an iron altar of Okawaru.
   646 | D:2      | Became a worshipper of Warmaster Okawaru
   789 | D:2      | Noticed Ijyb
   799 | D:2      | Killed Ijyb
   799 | D:2      | Reached skill level 1 in Dodging
   814 | D:2      | Reached XP level 4. HP: 32/40 MP: 3/3
  1130 | D:3      | Noticed Terence
  1137 | D:3      | Killed Terence
  1183 | D:3      | Noticed Robin
  1214 | D:3      | Killed Robin
  1221 | D:3      | Reached XP level 5. HP: 17/47 MP: 4/4
  1645 | D:3      | Found a sacrificial altar of Ru.
  1691 | D:3      | Noticed Natasha
  1694 | D:3      | Killed Natasha
  1694 | D:3      | Reached skill level 5 in Shields
  1772 | D:3      | Noticed Grinder
  1775 | D:3      | Noticed Natasha
  1778 | D:3      | Paralysed by Grinder for 5 turns
  1783 | D:3      | HP: 1/47 [Natasha/wand of flame (7)]
  1784 | D:3      | Slain by Natasha

Skill      XL: |  1  2  3  4  5 |
---------------+----------------+-----
Shields        | 4 5 |  5.0
Armour         | 4 |  4.6
Fighting       | 4 |  4.5
Long Blades    | 3 |  3.4
Dodging        | 1 2 |  2.1
Stealth        | |  0.1

Action                   |  1- 3 |  4- 6 || total
-------------------------+-------+-------++-------
Melee: Long sword        |    69 |    92 ||   161
       Headbutt          |    14 |    16 ||    30
  Use: Potion            |       |     1 ||     1
  Eat: Chunk             |     4 |    13 ||    17
Armor: Scale mail        |    43 |     7 ||    50
       Plate armour      |       |    76 ||    76
Dodge: Dodged            |    30 |    25 ||    55
Block: Shield            |    42 |    65 ||   107
